 Dungeon Crawl Stone Soup version 0.17.0-28-g6e173f8 (webtiles) character file.

104 Goblin1989 the Magician (level 4, -2/24 HPs)
             Began as a Deep Elf Fire Elementalist on Nov 5, 2015.
             Slain by a hobgoblin
             ... wielding a +0 club
              (5 damage)
             ... on level 2 of the Dungeon on Nov 24, 2015.
             The game lasted 00:22:38 (2277 turns).

Goblin1989 the Magician (DEFE)                      Turns: 2277, Time: 00:22:38

Health: -2/24      AC:  3    Str:  5    XL:     4   Next: 52%
Magic:  11/12      EV: 13    Int: 21    God:
Gold:   87         SH:  0    Dex: 15    Spells: 2 memorised, 7 levels left

rFire  . . .     SeeInvis .     j - +0 short sword
rCold  . . .     Clarity  .     a - +0 robe
rNeg   . . .     SustAt   .     (no shield)
rPois  .         Gourm    .     (no helmet)
rElec  .         Spirit   .     m - +0 cloak
rCorr  .         Warding  .     (no gloves)
rMut   .         Stasis   .     (no boots)
MR     .....                    (no amulet)
Stlth  ++........               (no ring)
                                (no ring)

@: not resistant to hostile enchantments, unstealthy
A: no striking features
a: no special abilities


You were on level 2 of the Dungeon.
You were very hungry.

You visited 1 branch of the dungeon, and saw 2 of its levels.

You collected 87 gold pieces.

Inventory:

Hand Weapons
 j - a +0 short sword (weapon)
 t - a +3 dagger of venom
Armour
 a - a +0 robe (worn)
 m - a +0 cloak (worn)
Scrolls
 g - a scroll of enchant armour {unknown}
 h - 2 scrolls of remove curse {unknown}
 i - a scroll of noise {unknown}
 k - 2 scrolls of enchant weapon {unknown}
 l - a scroll of identify {unknown}
 o - 7 scrolls of recharging {unknown}
 p - a scroll of teleportation {unknown}
 q - 3 scrolls of immolation {unknown}
Potions
 e - a potion of invisibility {unknown}
 f - a potion of agility {unknown}
 r - a potion of resistance {unknown}
 s - a potion of ambrosia {unknown}
 u - a potion of flight {unknown}
Books
 b - a book of Flames

   Spells                             Type                      Level
   a - Flame Tongue                   Conjuration/Fire             1
   b - Throw Flame                    Conjuration/Fire             2
   c - Conjure Flame                  Conjuration/Fire             3
   d - Inner Flame                    Hexes/Fire                   3
   e - Sticky Flame                   Conjuration/Fire             4
   f - Fireball                       Conjuration/Fire             5
Comestibles
 c - 2 bread rations
 d - a beef jerky
 n - a meat ration


   Skills:
 - Level 2.4 Dodging
 - Level 2.4 Stealth
 + Level 4.3 Spellcasting
 * Level 3.3 Conjurations
 + Level 4.0 Fire Magic


You had 7 spell levels left.
You knew the following spells:

 Your Spells              Type           Power        Failure   Level  Hunger
a - Flame Tongue          Conj/Fire      ###..        2%          1    None
b - Conjure Flame         Conj/Fire      ###.....     10%         3    ##.....


Dungeon Overview and Level Annotations

Branches:
Dungeon (2/15)

Altars:
Dithmenos
Makhleb


Message History

The hobgoblin hits you but does no damage.
The hobgoblin misses you. The hobgoblin closely misses you.
The hobgoblin misses you. The hobgoblin hits you with a club.
* * * LOW HITPOINT WARNING * * *
The hobgoblin closely misses you.
The hobgoblin hits you but does no damage.
The hobgoblin barely misses you. The hobgoblin hits you with a club.
* * * LOW HITPOINT WARNING * * *
The hobgoblin misses you. The hobgoblin misses you.
The hobgoblin closely misses you. The hobgoblin hits you with a club.
* * * LOW HITPOINT WARNING * * *
The hobgoblin closely misses you. The hobgoblin misses you.
The hobgoblin hits you with a club.
You die...

#.# #..
##########.# #..
........##.#####.#
###.##....>..#
#####.........#.##
#.....#...........
#.###########....#
#.# #.......#..# #
#@# #)#####.....
#!#g## #รท# ###...
##....# #.# #...
...g...#.# #.#
#####...
.####....####.#
#.......
##.###.....#
#.####.. #
##...##..#### #.#
#.. #.##.....##.#
#.# #..
#.#.......#.# #.#
#..


You could see a hobgoblin.

Vanquished Creatures
  Ijyb (D:2)
  4 adders (D:2)
  2 worms (D:2)
  2 giant geckos (D:2)
  A giant cockroach (D:2)
  4 goblins
  2 hobgoblins (D:1)
  4 bats
  2 giant newts
  8 kobolds
  7 rats
37 creatures vanquished.

Notes
Turn   | Place    | Note
--------------------------------------------------------------
     0 | D:1      | Goblin1989 the Deep Elf Fire Elementalist began the quest for the Orb.
     0 | D:1      | Reached XP level 1. HP: 10/10 MP: 6/6
   310 | D:1      | Reached XP level 2. HP: 15/15 MP: 4/8
  1124 | D:2      | Found a shadowy altar of Dithmenos.
  1279 | D:2      | Reached XP level 3. HP: 19/19 MP: 7/10
  1303 | D:2      | Upgraded the game from 0.17-b1-25-g6d8775f to 0.17-b1-36-g7b1967c
  1323 | D:2      | Learned a level 3 spell: Conjure Flame
  1337 | D:2      | Reached skill level 4 in Spellcasting
  1614 | D:2      | Found a burning altar of Makhleb.
  1987 | D:2      | Reached XP level 4. HP: 24/24 MP: 9/12
  2198 | D:2      | Noticed Ijyb
  2206 | D:2      | Killed Ijyb
  2230 | D:2      | Upgraded the game from 0.17-b1-36-g7b1967c to 0.17.0-7-gfadd4cc
  2230 | D:2      | Upgraded the game from 0.17.0-7-gfadd4cc to 0.17.0-15-g6d90897
  2230 | D:2      | Upgraded the game from 0.17.0-15-g6d90897 to 0.17.0-18-gaab0e96
  2230 | D:2      | Upgraded the game from 0.17.0-18-gaab0e96 to 0.17.0-28-g6e173f8
  2277 | D:2      | Slain by a hobgoblin

Action                   |  1- 3 |  4- 6 || total
-------------------------+-------+-------++-------
Melee: Short sword       |     1 |     3 ||     4
 Cast: Flame Tongue      |    65 |    10 ||    75
       Conjure Flame     |       |     3 ||     3
  Eat: Chunk             |     1 |       ||     1
       Royal jelly       |     1 |       ||     1
